| TOP OF THE 1ST |
|
San Francisco (APP) Giants batting - Pitching for Danville Braves : RHP Jose Clemente
|
|
Pitching: RHP Jose Clemente
|
|
|
Batting: RHB Sean Gilbert
|
0-0: Ball 1-0: Fly out, F7 (Flyball, 7D, EV 100.0 MPH)
|
|
Batting: RHB Jonathan Hemsley
|
0-0: Swinging Strike 0-1: Swinging Strike 0-2: Ball 1-2: Ball 2-2: Ball 3-2: Foul Ball, location: 2F 3-2: Base on Balls
|
|
Batting: SHB Michael Woodard
|
0-0: Swinging Strike 0-1: Swinging Strike 0-2: Foul Ball, location: 2F 0-2: Foul Ball, location: 2F 0-2: Strikes out swinging
|
|
Batting: RHB Rúbem Trancoso
|
0-0: Called Strike 0-1: Fly out, F6 (Line Drive, 6, EV 77.5 MPH)
|
| Top of the 1st over - 0 runs, 0 hits, 0 errors, 1 left on base; San Francisco (APP) 0 - Danville 0 |
| BOTTOM OF THE 1ST |
|
Danville Braves batting - Pitching for San Francisco (APP) Giants : LHP Randy Monaco
|
|
Pitching: LHP Randy Monaco
|
|
|
Batting: RHB Richard Saquic
|
0-0: Ball 1-0: Ball 2-0: Ball 3-0: Base on Balls
|
|
Batting: RHB Vicente Guillen
|
0-0: Ball Richard Saquic steals 2nd base 1-0: Called Strike Richard Saquic steals 3rd base 1-1: Called Strike 1-2: Fly out, F9 (Flyball, 89M, EV 90.6 MPH) Runner from 3rd tags up, OUT at HOME! 9-2
|
|
Batting: LHB Ivan Castillo
|
0-0: Swinging Strike 0-1: Swinging Strike 0-2: Ball 1-2: Strikes out swinging, 2-3 out at first.
|
| Bottom of the 1st over - 0 runs, 0 hits, 0 errors, 0 left on base; San Francisco (APP) 0 - Danville 0 |
| TOP OF THE 2ND |
|
San Francisco (APP) Giants batting - Pitching for Danville Braves : RHP Jose Clemente
|
|
Batting: SHB Russ Hudson
|
0-0: Called Strike 0-1: Ground out 5-3 (Groundball, 56, EV 83.1 MPH)
|
|
Batting: RHB Edward Jones
|
0-0: Foul Ball, location: 2F 0-1: Ball 1-1: Ball 2-1: Ball 3-1: Called Strike 3-2: Ground out 6-3 (Groundball, 6, EV 88.1 MPH)
|
|
Batting: RHB James Jenkins
|
0-0: Called Strike 0-1: Foul Ball, location: 2F 0-2: Strikes out swinging
|
| Top of the 2nd over - 0 runs, 0 hits, 0 errors, 0 left on base; San Francisco (APP) 0 - Danville 0 |
| BOTTOM OF THE 2ND |
|
Danville Braves batting - Pitching for San Francisco (APP) Giants : LHP Randy Monaco
|
|
Batting: RHB Carlos Livas
|
0-0: Ball 1-0: Foul Ball, location: 2F 1-1: Ball 2-1: Fly out, F8 (Flyball, 89M, EV 84.4 MPH)
|
|
Batting: LHB Mitsujiro Tanaka
|
0-0: Reached via error on a dropped throw from SS, E3 (Groundball, 6, EV 85.0 MPH)
|
|
Batting: RHB Rodolfo Cosme
|
0-0: Foul Ball, location: 2F 0-1: Ball Wild Pitch! Mitsujiro Tanaka to second 1-1: Swinging Strike 1-2: Foul Ball, location: 2F 1-2: Fly out, F8 (Flyball, 8RD, EV 102.5 MPH)
|
|
Batting: LHB Diego Garcia
|
0-0: Ball 1-0: Fly out, F8 (Flyball, 8LXD, EV 89.4 MPH)
|
| Bottom of the 2nd over - 0 runs, 0 hits, 1 error, 1 left on base; San Francisco (APP) 0 - Danville 0 |
| TOP OF THE 3RD |
|
San Francisco (APP) Giants batting - Pitching for Danville Braves : RHP Jose Clemente
|
|
Batting: RHB Danny Estrada
|
0-0: Reached on error, E5 (Groundball, 56, EV 86.9 MPH)
|
|
Batting: RHB Ken Cromsie
|
0-0: Bunt missed! 0-1: Sac Bunt to P - play at first, batter OUT! 1-4 Danny Estrada to second
|
|
Batting: RHB Sean Gilbert
|
0-0: Ball 1-0: Fly out, F8 (Line Drive, 8LM, EV 94.4 MPH)
|
|
Batting: RHB Jonathan Hemsley
|
0-0: Called Strike 0-1: Called Strike 0-2: Ball 1-2: Strikes out swinging
|
| Top of the 3rd over - 0 runs, 0 hits, 1 error, 1 left on base; San Francisco (APP) 0 - Danville 0 |
| BOTTOM OF THE 3RD |
|
Danville Braves batting - Pitching for San Francisco (APP) Giants : LHP Randy Monaco
|
|
Batting: RHB Paul Holland
|
0-0: Foul Ball, location: 2F 0-1: Ball 1-1: Swinging Strike 1-2: Ball 2-2: Strikes out swinging
|
|
Batting: RHB Danny Dimas
|
0-0: Ball 1-0: SINGLE (Flyball, 6D, EV 91.2 MPH)
|
|
Batting: RHB Richard Saquic
|
0-0: Ball Danny Dimas is caught stealing 2nd base 2-4 1-0: Called Strike 1-1: Foul Ball, location: 2F 1-2: Foul Ball, location: 2F 1-2: Strikes out swinging
|
| Bottom of the 3rd over - 0 runs, 1 hit, 0 errors, 0 left on base; San Francisco (APP) 0 - Danville 0 |
| TOP OF THE 4TH |
|
San Francisco (APP) Giants batting - Pitching for Danville Braves : RHP Jose Clemente
|
|
Batting: SHB Michael Woodard
|
0-0: Ball 1-0: SINGLE (Line Drive, 56, EV 107.5 MPH)
|
|
Batting: RHB Rúbem Trancoso
|
0-0: Ball 1-0: Fly out, F7 (Line Drive, 78M, EV 93.1 MPH)
|
|
Batting: SHB Russ Hudson
|
0-0: Ground out 4-3 (Groundball, 4S, EV 71.9 MPH) Michael Woodard to second
|
|
Batting: RHB Edward Jones
|
0-0: Called Strike 0-1: Foul Ball, location: 2F 0-2: Ball 1-2: Strikes out looking
|
| Top of the 4th over - 0 runs, 1 hit, 0 errors, 1 left on base; San Francisco (APP) 0 - Danville 0 |
| BOTTOM OF THE 4TH |
|
Danville Braves batting - Pitching for San Francisco (APP) Giants : LHP Randy Monaco
|
|
Batting: RHB Vicente Guillen
|
0-0: Ball 1-0: Ball 2-0: Ball 3-0: Called Strike 3-1: Called Strike 3-2: Base on Balls
|
|
Batting: LHB Ivan Castillo
|
0-0: Ball 1-0: Ball 2-0: Fielders Choice at 2nd, 4-6 (Groundball, 4M, EV 92.5 MPH)
|
|
Batting: RHB Carlos Livas
|
0-0: Swinging Strike 0-1: Ball Passed Ball! Ivan Castillo to second 1-1: Called Strike 1-2: Foul Ball, location: 2F 1-2: Foul Ball, location: 2F 1-2: Foul Ball, location: 2F 1-2: Foul Ball, location: 2F 1-2: Ball 2-2: Strikes out looking
|
|
Batting: LHB Mitsujiro Tanaka
|
0-0: Ball 1-0: Ball Passed Ball! Ivan Castillo to third 2-0: Called Strike 2-1: Called Strike 2-2: Ball Wild Pitch! Ivan Castillo scores 3-2: Base on Balls
|
|
Batting: RHB Rodolfo Cosme
|
0-0: Ball 1-0: Ball 2-0: Ball 3-0: Base on Balls Mitsujiro Tanaka to second
|
|
Batting: LHB Diego Garcia
|
0-0: Ball 1-0: Called Strike 1-1: Ball Passed Ball! Mitsujiro Tanaka to third Rodolfo Cosme to second 2-1: Ground out 6-3 (Groundball, 6, EV 100.6 MPH)
|
| Bottom of the 4th over - 1 run, 0 hits, 0 errors, 2 left on base; San Francisco (APP) 0 - Danville 1 |
| TOP OF THE 5TH |
|
San Francisco (APP) Giants batting - Pitching for Danville Braves : RHP Jose Clemente
|
|
Batting: RHB James Jenkins
|
0-0: Swinging Strike 0-1: Ball 1-1: Ball 2-1: Swinging Strike 2-2: Strikes out swinging
|
|
Batting: RHB Danny Estrada
|
0-0: Swinging Strike 0-1: Swinging Strike 0-2: Strikes out swinging
|
|
Batting: RHB Ken Cromsie
|
0-0: Ball 1-0: Ball 2-0: Reached on error, E5 (Groundball, 56, EV 84.4 MPH)
|
|
Batting: RHB Sean Gilbert
|
0-0: Ball 1-0: Ball 2-0: Swinging Strike Passed Ball! Ken Cromsie to second 2-1: Fly out, F7 (Flyball, 78M, EV 80.0 MPH)
|
| Top of the 5th over - 0 runs, 0 hits, 1 error, 1 left on base; San Francisco (APP) 0 - Danville 1 |
| BOTTOM OF THE 5TH |
|
Danville Braves batting - Pitching for San Francisco (APP) Giants : LHP Randy Monaco
|
|
Batting: RHB Paul Holland
|
0-0: Ball 1-0: Ball 2-0: Fly out, F8 (Flyball, 8LD, EV 103.8 MPH)
|
|
Batting: RHB Danny Dimas
|
0-0: Called Strike 0-1: Swinging Strike 0-2: Strikes out looking
|
|
Batting: RHB Richard Saquic
|
0-0: Ball 1-0: Ball 2-0: Foul Ball, location: 2F 2-1: Swinging Strike 2-2: Foul Ball, location: 2F 2-2: Foul Ball, location: 2F 2-2: Ball 3-2: Base on Balls
|
|
Pitching: RHP Jerry Schlaak
|
|
|
Batting: RHB Vicente Guillen
|
0-0: Called Strike Richard Saquic steals 2nd, throwing error, E2 Richard Saquic to third 0-1: Ball Passed Ball! Richard Saquic scores 1-1: Swinging Strike 1-2: Foul Ball, location: 2F 1-2: Foul Ball, location: 2F 1-2: Ball 2-2: Strikes out swinging
|
| Bottom of the 5th over - 1 run, 0 hits, 1 error, 0 left on base; San Francisco (APP) 0 - Danville 2 |
| TOP OF THE 6TH |
|
San Francisco (APP) Giants batting - Pitching for Danville Braves : RHP Jose Clemente
|
|
Batting: RHB Jonathan Hemsley
|
0-0: Ball 1-0: Foul Ball, location: 2F 1-1: Called Strike 1-2: Ball 2-2: Strikes out looking
|
|
Batting: SHB Michael Woodard
|
0-0: Ball 1-0: Ball 2-0: Ball 3-0: Base on Balls
|
|
Batting: RHB Rúbem Trancoso
|
0-0: Called Strike 0-1: Called Strike 0-2: Ball 1-2: Strikes out swinging
|
|
Batting: SHB Russ Hudson
|
0-0: Ball 1-0: Called Strike 1-1: Ball 2-1: Called Strike 2-2: Strikes out swinging
|
| Top of the 6th over - 0 runs, 0 hits, 0 errors, 1 left on base; San Francisco (APP) 0 - Danville 2 |
| BOTTOM OF THE 6TH |
|
Danville Braves batting - Pitching for San Francisco (APP) Giants : RHP Jerry Schlaak
|
|
Batting: LHB Ivan Castillo
|
0-0: Ball 1-0: Swinging Strike 1-1: Ball 2-1: Ball 3-1: Called Strike 3-2: Foul Ball, location: 2F 3-2: Base on Balls
|
|
Batting: RHB Carlos Livas
|
0-0: Ball Ivan Castillo steals 2nd, throwing error, E2 Ivan Castillo to third 1-0: Intentional Walk
|
|
Batting: LHB Mitsujiro Tanaka
|
0-0: Ball Carlos Livas steals 2nd base 1-0: Intentional Walk
|
|
Batting: RHB Rodolfo Cosme
|
0-0: Called Strike 0-1: Ball 1-1: Foul Ball, location: 2F 1-2: GRAND SLAM HOME RUN (Flyball, 78XD, EV 106.9 MPH), Distance : 407 ft
|
|
Pitching: RHP Newt Reid
|
|
|
Batting: LHB Diego Garcia
|
0-0: Ball 1-0: Called Strike 1-1: Swinging Strike 1-2: Foul Ball, location: 2F 1-2: Strikes out swinging
|
|
Batting: RHB Paul Holland
|
0-0: Called Strike 0-1: Ball 1-1: Ball 2-1: Ball 3-1: Base on Balls
|
|
Batting: RHB Danny Dimas
|
0-0: Ball Passed Ball! Paul Holland to second 1-0: Foul Ball, location: 2F 1-1: SINGLE (Line Drive, 4M, EV 98.8 MPH) Paul Holland to third
|
|
Batting: RHB Richard Saquic
|
0-0: Ball Passed Ball! Paul Holland scores Danny Dimas to second 1-0: SINGLE (Line Drive, 8LS, EV 110.6 MPH) Danny Dimas to third
|
|
Batting: RHB Vicente Guillen
|
0-0: Ball Richard Saquic steals 2nd base 1-0: Ball Passed Ball! Danny Dimas scores Richard Saquic to third 2-0: Ground out 5-3 (Groundball, 5, EV 89.4 MPH)
|
|
Pitching: RHP Sam Green
|
|
|
Batting: LHB Ivan Castillo
|
0-0: SINGLE (Groundball, 6MD, EV 100.0 MPH) Richard Saquic scores
|
|
Batting: RHB Carlos Livas
|
0-0: Ball 1-0: Foul Ball, location: 2F 1-1: Foul Ball, location: 2F 1-2: Fly out, F8 (Flyball, 8RD, EV 101.9 MPH)
|
| Bottom of the 6th over - 7 runs, 4 hits, 1 error, 1 left on base; San Francisco (APP) 0 - Danville 9 |
| TOP OF THE 7TH |
|
San Francisco (APP) Giants batting - Pitching for Danville Braves : RHP Jose Clemente
|
|
Batting: RHB Edward Jones
|
0-0: Called Strike 0-1: Ball 1-1: Foul Ball, location: 2F 1-2: Strikes out swinging
|
|
Batting: RHB James Jenkins
|
0-0: Ball 1-0: Ball 2-0: Called Strike 2-1: Ground out 1-3 (Groundball, 13S, EV 65.6 MPH)
|
|
Batting: RHB Danny Estrada
|
0-0: Ground out 6-3 (Groundball, 6MD, EV 104.4 MPH)
|
| Top of the 7th over - 0 runs, 0 hits, 0 errors, 0 left on base; San Francisco (APP) 0 - Danville 9 |
| BOTTOM OF THE 7TH |
|
Danville Braves batting - Pitching for San Francisco (APP) Giants : RHP Sam Green
|
|
Pinch Hitting: LHB Roger Shearing
|
0-0: Called Strike 0-1: Fly out, F8 (Line Drive, 8RM, EV 90.0 MPH)
|
|
Batting: RHB Rodolfo Cosme
|
0-0: Called Strike 0-1: Foul Ball, location: 2F 0-2: Ball 1-2: Foul Ball, location: 2F 1-2: Foul Ball, location: 2F 1-2: Strikes out looking
|
|
Batting: LHB Diego Garcia
|
0-0: SINGLE (Groundball, 34D, EV 98.1 MPH)
|
|
Batting: RHB Paul Holland
|
0-0: Ball 1-0: Called Strike 1-1: Fly out, F3 (Popup, 34, EV 67.5 MPH)
|
| Bottom of the 7th over - 0 runs, 1 hit, 0 errors, 1 left on base; San Francisco (APP) 0 - Danville 9 |
| TOP OF THE 8TH |
|
San Francisco (APP) Giants batting - Pitching for Danville Braves : RHP Jose Clemente
|
|
Now in LF: Roger Shearing
|
|
|
Batting: RHB Ken Cromsie
|
0-0: Called Strike 0-1: Ball 1-1: Foul Ball, location: 2F 1-2: Ground out 6-3 (Groundball, P, EV 81.9 MPH)
|
|
Batting: RHB Sean Gilbert
|
0-0: Ball 1-0: Ball 2-0: Ball 3-0: Base on Balls
|
|
Batting: RHB Jonathan Hemsley
|
0-0: Ball 1-0: SINGLE (Groundball, 6S, EV 64.4 MPH) (infield hit) Sean Gilbert to second
|
|
Batting: SHB Michael Woodard
|
0-0: Called Strike 0-1: Ball 1-1: Swinging Strike 1-2: Strikes out swinging
|
|
Batting: RHB Rúbem Trancoso
|
0-0: Foul Ball, location: 2F 0-1: Ball Wild Pitch! Sean Gilbert to third Jonathan Hemsley to second 1-1: Foul Ball, location: 2F 1-2: Strikes out looking
|
| Top of the 8th over - 0 runs, 1 hit, 0 errors, 2 left on base; San Francisco (APP) 0 - Danville 9 |
| BOTTOM OF THE 8TH |
|
Danville Braves batting - Pitching for San Francisco (APP) Giants : RHP Sam Green
|
|
Pinch Hitting: RHB James Anderson
|
0-0: Swinging Strike 0-1: Ball 1-1: Ball 2-1: Ball 3-1: Base on Balls
|
|
Batting: RHB Richard Saquic
|
0-0: SINGLE (Groundball, 56S, EV 68.8 MPH) (infield hit) James Anderson to second
|
|
Batting: RHB Vicente Guillen
|
0-0: Called Strike 0-1: Fielders Choice at 2nd, 2-4 (Groundball, 15S, EV 69.4 MPH) James Anderson to third
|
|
Batting: LHB Ivan Castillo
|
0-0: Ball Passed Ball! James Anderson scores Vicente Guillen to second 1-0: Ball 2-0: Ball 3-0: Called Strike 3-1: Base on Balls
|
|
Pitching: RHP Corey Foster
|
|
|
Batting: RHB Carlos Livas
|
0-0: DOUBLE (Flyball, 89D, EV 110.6 MPH) Vicente Guillen scores Ivan Castillo to third
|
|
Batting: LHB Roger Shearing
|
0-0: Ball Passed Ball! Ivan Castillo scores Carlos Livas to third 1-0: Foul Ball, location: 2F 1-1: Swinging Strike 1-2: Foul Ball, location: 2F 1-2: Ball 2-2: Foul Ball, location: 2F 2-2: Ground out 4-3 (Groundball, 4, EV 87.5 MPH) Carlos Livas scores
|
|
Pinch Hitting: RHB Mennad Maalik
|
0-0: Foul Ball, location: 2F 0-1: Foul Ball, location: 2F 0-2: Ball 1-2: Foul Ball, location: 2F 1-2: Strikes out looking
|
| Bottom of the 8th over - 4 runs, 2 hits, 0 errors, 0 left on base; San Francisco (APP) 0 - Danville 13 |
| TOP OF THE 9TH |
|
San Francisco (APP) Giants batting - Pitching for Danville Braves : RHP Jose Clemente
|
|
Now in LF: Mennad Maalik
|
|
|
Now in CF: James Anderson
|
|
|
Now in RF: Roger Shearing
|
|
|
Batting: SHB Russ Hudson
|
0-0: Called Strike 0-1: Ball 1-1: Swinging Strike 1-2: Ball 2-2: Strikes out looking
|
|
Batting: RHB Edward Jones
|
0-0: Called Strike 0-1: Foul Ball, location: 2F 0-2: Foul Ball, location: 2F 0-2: Ball 1-2: Foul Ball, location: 2F 1-2: SINGLE (Groundball, 6MD, EV 99.4 MPH)
|
|
Pitching: RHP Andrew Hodges
|
|
|
Batting: RHB James Jenkins
|
0-0: Foul Ball, location: 2F 0-1: Ball Wild Pitch! Edward Jones to second 1-1: Ball 2-1: Called Strike 2-2: Foul Ball, location: 2F 2-2: Strikes out swinging
|
|
Batting: RHB Danny Estrada
|
0-0: Foul Ball, location: 2F 0-1: Foul Ball, location: 2F 0-2: Ball 1-2: Foul Ball, location: 2F 1-2: Ground out 6-3 (Groundball, 6, EV 103.8 MPH)
|
| Top of the 9th over - 0 runs, 1 hit, 0 errors, 1 left on base; San Francisco (APP) 0 - Danville 13 |
|